 Dungeon Crawl Stone Soup version 0.29.1-15-g9cfb28693d (webtiles) character file.

Game seed: 10389312922712440619

13813 Arctor the Thaumaturge (level 11, -11/64 HPs)
             Began as a Deep Elf Fire Elementalist on Feb 26, 2023.
             Was a Priest of Sif Muna.
             Mangled by a boulder beetle (54 damage)
             ... on level 10 of the Dungeon.
             The game lasted 00:44:17 (21107 turns).

Arctor the Thaumaturge (DEFE)                      Turns: 21107, Time: 00:44:18

Health: -11/64     AC:  7    Str:  9    XL:     11   Next: 80%
Magic:  18/27      EV: 23    Int: 29    God:    Sif Muna [***...]
Gold:   1594       SH:  0    Dex: 31    Spells: 19/31 levels left

rFire   . . .      SeeInvis .   r - +1 dagger (venom)
rCold   . . .      Faith    .   (no shield)
rNeg    . . .      Spirit   .   L - +4 robe of Augmentation {Str+4 Int+4 Dex+4}
rPois   .          Reflect  .   (no helmet)
rElec   .          Harm     .   k - +0 cloak
rCorr   .          Rampage  .   (no gloves)
Will    +....                   (no boots)
Stlth   ++++++....              (no amulet)
HPRegen 0.20/turn               h - +6 ring of dexterity
MPRegen 0.20/turn               s - +6 ring of dexterity

@: no status effects
A: no striking features
a: Renounce Religion, Channel Magic, Forget Spell


You were on level 10 of the Dungeon.
You worshipped Sif Muna.
Sif Muna was most pleased with you.
You visited 1 branch of the dungeon, and saw 11 of its levels.
You also visited: Ossuary and Bailey.

You collected 1594 gold pieces.

Inventory:

Hand Weapons
 r - a +1 dagger of venom (weapon)
Missiles
 o - 16 boomerangs
Armour
 a - a +0 robe
 k - a +0 cloak (worn)
 I - the +3 leather armour "Radasuget" {+Inv Str+2 Int+4}
   (You found it on level 7 of the Dungeon)

   Str:       It affects your strength (+2).
   Int:       It affects your intelligence (+4).
   +Inv:      It lets you turn invisible.
 L - the +4 robe of Augmentation (worn) {Str+4 Int+4 Dex+4}
   (You found it on level 11 of the Dungeon)

   Str:       It affects your strength (+4).
   Int:       It affects your intelligence (+4).
   Dex:       It affects your dexterity (+4).
Magical Staves
 m - a staff of death
Jewellery
 c - a ring of positive energy
 h - a +6 ring of dexterity (left hand)
 s - a +6 ring of dexterity (right hand)
 v - a ring of willpower
 J - a ring of positive energy
Wands
 B - a wand of light (4)
 C - a wand of iceblast (7)
 D - a wand of mindburst (13)
 E - a wand of charming (5)
Scrolls
 d - 2 scrolls of amnesia
 j - a scroll of magic mapping
 p - a scroll of torment
 u - a scroll of enchant armour
 w - 2 scrolls of butterflies
 x - 4 scrolls of vulnerability
 y - a scroll of fear
 z - a scroll of immolation {unknown}
 F - 2 scrolls of identify
 K - a scroll of teleportation
Potions
 b - 2 potions of magic
 e - 2 potions of curing
 f - 5 potions of haste
 g - 3 potions of attraction
 i - 5 potions of might
 l - a potion of flight
 n - 4 potions of brilliance
 q - a potion of cancellation
 t - 2 potions of resistance
 A - a potion of invisibility {unknown}
 G - 3 potions of mutation {unknown}
 H - 2 potions of experience {unknown}


   Skills:
 + Level 5.6 Fighting
 + Level 9.9 Dodging
 + Level 10.6 Stealth
 + Level 10.8 Spellcasting
 + Level 8.9 Conjurations
 + Level 9.2 Fire Magic
 + Level 3.1 Invocations


You had 19 spell levels left.
You knew the following spells:

 Your Spells              Type           Power      Damage    Failure   Level
a - Foxfire               Conj/Fire      100%       2x1d9     1%          1
b - Scorch                Fire           100%       2d10      1%          2
c - Flame Wave            Conj/Fire      62%        2d14      1%          4
d - Conjure Flame         Conj/Fire      62%        6-21      1%          3
e - Blink                 Tloc           30%        N/A       5%          2

Your spell library contained the following spells:

 Spells                   Type           Power      Damage    Failure   Level
 Inner Flame              Hex/Fire       42%        N/A       1%          3
 Apportation              Tloc           30%        N/A       3%          1
 Necrotise                Necr           60%        1d7       3%          1
 Summon Small Mammal      Summ           60%        N/A       3%          1
 Teleport Other           Tloc           15%        N/A       11%         3
 Tukima's Dance           Hex            15%        N/A       11%         3
 Animate Dead             Necr           15%        N/A       34%         4
 Dispel Undead            Necr           15%        3d10      34%         4
 Passage of Golubria      Tloc           15%        N/A       34%         4
 Yara's Violent Unravell  Hex/Tmut       7%         3d5       67%         5


Dungeon Overview and Level Annotations

Branches:
Dungeon (11/15)            Temple (0/1) D:6             Orc (0/2) D:10
Ossuary (visited)          Bailey (visited)
   Lair: D:8-11

Altars:
Dithmenos
Hepliaklqana
Nemelex Xobeh
Qazlal
Ru
Sif Muna
Xom
Yredelemnul
The Shining One

Portals:
Trove: D:10 (give +5 ice dragon scales)

Annotations:
D:4 2 transporters, sigtrap's ghost, amateur DjHW


Message History

There is a stone staircase leading up here.
Casting: Scorch (safe; 1% risk of failure)
Confirm with . or Enter, or press ? or * to list all spells.
You blink.
The boulder beetle bites you but does no damage.
The boulder beetle bites you!
There is a stone staircase leading up here.
You feel stable enough to blink again. The boulder beetle misses you.
You climb upwards.
There is a stone staircase leading down here.
Casting: Blink (safe; 5% risk of failure)
Confirm with . or Enter, or press ? or * to list all spells.
Flames lash the boulder beetle.
The boulder beetle is lightly wounded.
The boulder beetle's fire resistance burns away.
The boulder beetle misses you.
Casting: Scorch (safe; 1% risk of failure)
Confirm with . or Enter, or press ? or * to list all spells.
Flames lash the boulder beetle but do no damage.
The boulder beetle bites you!
Casting: Scorch (safe; 1% risk of failure)
Confirm with . or Enter, or press ? or * to list all spells.
Flames lash the boulder beetle but do no damage.
The boulder beetle barely misses you.
Okay, then.
Okay, then.
Okay, then.
Casting: Scorch (safe; 1% risk of failure)
Confirm with . or Enter, or press ? or * to list all spells.
You blink.
The boulder beetle curls into a ball and begins rolling!
Unknown command.
You feel stable enough to blink again.
Casting: Blink (safe; 5% risk of failure)
Confirm with . or Enter, or press ? or * to list all spells.
Flames lash the boulder beetle but do no damage.
The boulder beetle hits you!!!
Ouch! That really hurt!
You die...

..............#.............##...
..............#########.....##...
......................#.....##...
.............>........#......#...
............°B...○....#......#...
................##°...'......'...
...............##○....########...
################B.)).........#...
###...###...####@)#..........#...
##....###....###..#..........#...
##....###....###..#..........#...
#..#...#...#..##..#..........#...
#..##.....##..#..##..........#...
...###...###....##...........#...
...###...###...##................
######...############.....##.....
...#########...#....#.....##.....


You could see a boulder beetle (rolling).

Vanquished Creatures
  Erica (D:9)
  A two-headed ogre (D:9)
  An orc knight (D:9)
  Pikel (D:9)
  A deep elf pyromancer (D:11)
  A cyclops (D:11)
  A troll (D:10)
  Prince Ribbit (Bailey)
  A wraith (D:10)
  6 humans (Bailey)
  Grum (D:9)
  27 yaks
  Menkaure (D:6)
  2 steam dragons
  6 orc warriors
  An ice beast (D:6)
  2 ogres
  2 wolves (D:9)
  4 centaurs
  A lemure (D:9)
  12 bullfrogs
  2 gnoll sergeants
  4 scorpions
  19 wights
  8 killer bees
  3 howler monkeys
  6 jellies
  2 hounds
  7 orc priests
  4 iguanas
  12 orc wizards
  Natasha (thrice) (D:2)
  8 mummies (Ossuary)
  9 gnolls
  10 adders
  A river rat (D:3)
  A white imp (D:7)
  An ufetubus (D:6)
  A worm (D:3)
  3 dart slugs
  40 orcs
  5 ball pythons
  8 endoplasms
  3 giant cockroaches
  A gnoll zombie (Ossuary)
  8 hobgoblins
  4 jackals
  A quokka (D:4)
  2 bats
  2 frilled lizards
  16 goblins
  A hobgoblin zombie (Ossuary)
  7 kobolds
  6 kobold zombies (Ossuary)
  8 rats
290 creatures vanquished.

Vanquished Creatures (collateral kills)
  16 foxfires (D:4)
16 creatures vanquished.

Vanquished Creatures (others)
  1805 foxfires
  54 plants (D:4)
1859 creatures vanquished.

Grand Total: 2165 creatures vanquished

Notes
Turn   | Place    | Note
-------+----------+-------------------------------------------
     0 | D:1      | Arctor the Deep Elf Fire Elementalist began the quest for
                  | the Orb.
     0 | D:1      | Reached XP level 1. HP: 10/10 MP: 6/6
   517 | D:1      | Reached XP level 2. HP: 15/15 MP: 2/8
   626 | D:1      | Found a faded altar of an unknown god.
  1338 | D:2      | Reached XP level 3. HP: 19/19 MP: 5/9
  2072 | D:2      | Noticed Natasha
  2081 | D:2      | Killed Natasha
  2082 | D:2      | Reached XP level 4. HP: 22/24 MP: 3/11
  2559 | D:2      | Noticed Natasha
  2573 | D:2      | Killed Natasha
  2667 | D:2      | Noticed Natasha
  2671 | D:2      | Killed Natasha
  2672 | D:2      | Reached XP level 5. HP: 19/28 MP: 9/13
  4688 | D:4      | Found a shadowy altar of Dithmenos.
  4753 | D:4      | Reached XP level 6. HP: 32/32 MP: 9/14
  4946 | D:4      | Found a transporter.
  4948 | D:4      | Noticed sigtrap's ghost (amateur DjHW)
  4968 | D:4      | Found a transporter.
  4986 | D:4      | Reached skill level 5 in Spellcasting
  5306 | D:4      | Reached XP level 7. HP: 34/36 MP: 8/16
  5367 | D:4      | Found a shimmering blue altar of Sif Muna.
  5443 | D:4      | Reached skill level 5 in Stealth
  5644 | D:5      | Entered Level 5 of the Dungeon
  5709 | D:4      | Reached skill level 5 in Fire Magic
  6021 | D:5      | Reached skill level 5 in Dodging
  6240 | D:5      | Got Sif Muna's Incunabulum of Vile Transposition
  6244 | D:5      | Learned a level 2 spell: Scorch
  6284 | D:5      | Noticed a yak
  6291 | D:5      | Noticed a yak
  6291 | D:5      | Noticed a yak
  6292 | D:5      | Killed a yak
  6380 | D:5      | Noticed a yak
  6529 | D:5      | Reached skill level 1 in Fighting
  6529 | D:5      | Reached XP level 8. HP: 43/43 MP: 11/19
  6771 | D:4      | Became a worshipper of Sif Muna the Loreminder
  7129 | D:4      | HP: 1/43 [yak (15)]
  7137 | D:4      | Reached skill level 5 in Conjurations
  7606 | D:5      | Learned a level 4 spell: Flame Wave
  8016 | D:6      | Found a sand-covered staircase.
  8031 | Ossuary  | Entered an ossuary
  8725 | D:6      | Found a staircase to the Ecumenical Temple.
  8877 | D:6      | Reached XP level 9. HP: 49/49 MP: 15/21
  8988 | D:6      | Noticed Menkaure
  8994 | D:6      | Killed Menkaure
  9435 | D:6      | Found a glowing golden altar of the Shining One.
  9435 | D:6      | Found a basalt altar of Yredelemnul.
  9440 | D:6      | Found a hazy altar of Hepliaklqana.
  9442 | D:6      | Found a sparkling altar of Nemelex Xobeh.
  9443 | D:6      | Found a sacrificial altar of Ru.
 10067 | D:7      | Reached * piety under Sif Muna
 11387 | D:7      | Identified the +3 leather armour "Radasuget" {+Inv Str+2
                  | Int+4}
 12145 | D:8      | Found a shimmering altar of Xom.
 12284 | D:8      | Found a flagged portal.
 12307 | Bailey   | Entered a bailey
 12379 | Bailey   | Identified a scroll of acquirement
 12379 | Bailey   | Acquired 780 gold pieces
 12765 | Bailey   | Reached ** piety under Sif Muna
 12769 | Bailey   | Reached XP level 10. HP: 56/56 MP: 11/24
 13096 | Bailey   | Noticed a vault guard
 13105 | Bailey   | Noticed Prince Ribbit
 13285 | Bailey   | Killed Prince Ribbit
 13792 | D:9      | Learned a level 3 spell: Conjure Flame
 13981 | D:9      | Noticed Erica
 13992 | D:9      | Killed Erica
 14448 | D:9      | Noticed Pikel
 14482 | D:9      | Killed Pikel
 15088 | D:9      | Noticed Grum
 15163 | D:9      | Reached XP level 11. HP: 43/62 MP: 9/26
 15326 | D:9      | Reached skill level 10 in Spellcasting
 15829 | D:9      | Found a runed translucent door.
 15833 | D:9      | Learned a level 2 spell: Blink
 16012 | D:9      | Noticed a two-headed ogre
 16025 | D:9      | Killed a two-headed ogre
 16026 | D:9      | Reached skill level 5 in Fighting
 16050 | D:10     | Entered Level 10 of the Dungeon
 16153 | D:9      | Reached skill level 10 in Stealth
 16153 | D:9      | Reached skill level 1 in Invocations
 16229 | D:9      | Killed Grum
 16715 | D:9      | Noticed an orc knight
 16901 | D:8      | Reached *** piety under Sif Muna
 18372 | D:9      | Killed an orc knight
 19719 | D:10     | Found a portal to a secret trove of treasure.
 20281 | D:10     | Found a staircase to the Orcish Mines.
 20312 | D:10     | Found a stormy altar of Qazlal.
 20689 | D:11     | Noticed a deep elf pyromancer
 20694 | D:11     | Killed a deep elf pyromancer
 20864 | D:11     | Found the +4 robe of Augmentation {Str+4 Int+4 Dex+4}
 20977 | D:11     | Noticed a boulder beetle
 21107 | D:10     | Mangled by a boulder beetle

Illustrated notes

Levels and vault maps discovered:
D:1:      dreamdust_arrival_beginning_and_end, layout_basic,
          chequers_ecumenical_altar_grove
D:2:      layout_loops_ring, minmay_goblin_outpost, uniq_natasha
D:3:      layout_basic, portal_sewer_entry_e, minmay_misc_feat_cross,
          uniq_crazy_yiuf_cottage
D:4:      layout_basic, mainiacjoe_overflow_chevrons,
          mainiacjoe_overflow_cross_hatched, gammafunk_ghost_arena,
          serial_bayou, serial_bayou_lake_a, serial_bayou_pond_d,
          serial_bayou_lagoon_a, serial_bayou_pond_d, serial_bayou_pond_d,
          mrwooster_statue_mirror
D:5:      layout_cave_pools
D:6:      layout_basic, chequers_temple_overflow_minitemple,
          minmay_temple_entry_drinking_statues, enter_ossuary_3, uniq_menkaure
D:7:      layout_layer_cave, kennysheep_generic_room_6
D:8:      layout_rooms, mainiacjoe_overflow_tiny_flanked,
          lightli_bailey_entry_fortress
D:9:      layout_basic, lightli_church_of_beogh, uniq_grum, uniq_erica,
          uniq_pikel
D:10:     layout_gridville, grunt_qazlal_sundering, orc_david_3,
          nicolae_trove_entry_crystal, hangedman_glass_teeth
D:11:     layout_irregular_city, dpeg_lair_monsters, zin_scriptorium

Skill      XL: |  1  2  3  4  5  6  7  8  9 10 11 |
---------------+----------------------------------+-----
Stealth        | 3 4 5 7 8 9 10 | 10.6
Dodging        | 3 4 5 6 7 8 9 |  9.9
Conjurations   | 2 3 4 5 6 8 |  8.9
Spellcasting   | 4 5 6 7 8 9 10 | 10.8
Fire Magic     | 4 5 6 7 8 9 |  9.2
Fighting       | 1 2 3 4 5 |  5.6
Invocations    | 3 |  3.1

Action                   |  1- 3 |  4- 6 |  7- 9 | 10-12 || total
-------------------------+-------+-------+-------+-------++-------
Melee: Unarmed           |    15 |    16 |       |       ||    31
       Dagger            |       |       |    12 |    55 ||    67
       Punch             |       |       |       |     1 ||     1
 Cast: Foxfire           |    94 |   155 |   453 |   398 ||  1100
       Scorch            |       |       |     1 |   140 ||   141
       Flame Wave        |       |       |       |     4 ||     4
       Conjure Flame     |       |       |       |    32 ||    32
       Blink             |       |       |       |     9 ||     9
  Use: Scroll            |     4 |     1 |    12 |     5 ||    22
       Potion            |       |       |    11 |     9 ||    20
 Stab: Sleeping          |       |     1 |       |       ||     1
Armor: Robe              |     7 |     6 |    12 |     4 ||    29
       Skin              |       |       |     4 |       ||     4
       Leather armour    |       |       |       |    29 ||    29
Dodge: Dodged            |    25 |    30 |   104 |   198 ||   357
